Map: Lightshade LE

Players

Reynor

  • Race: Zerg Zerg

Clem - Winner!

  • Race: Terran Terran

Event: DreamHack SC2 Masters 2021 Winter

VOD

Have the link to the VOD?

Description

Time

  • Played on: Oct. 16, 2021, 10:52 a.m.
  • Length: 15:00

All games in this series

Show
View Real Time Build Order
Export as new Build Order

Reynor Zerg 

Build Orders: Hatch First, Lurkers 

Get SALT Encoding   

  12  0:00  Drone  
  13  0:12  Overlord  
  13  0:16  Drone  
  14  0:30  Drone x2  
  16  0:47  Hatchery  
  15  0:50  Drone  
  15  0:54  Drone  
  18  0:57  Drone  
  18  1:07  Extractor  
  17  1:13  Spawning Pool  
  17  1:15  Drone  
  17  1:19  Drone  
  18  1:27  Drone  
  19  1:38  Drone  
  20  1:49  Overlord  
  20  1:59  Queen x2  
  20  2:00  Zergling x4  
  26  2:09  Drone  
  26  2:10  Drone  
  26  2:12  Metabolic Boost  
  28  2:22  Drone x2  
  30  2:34  Hatchery  
  29  2:37  Drone  
  30  2:44  Queen  
  30  2:47  Overlord  
  30  2:50  Drone  
  33  2:52  Drone  
  33  2:54  Drone  
  33  2:56  Drone  
  36  3:07  Drone x2  
  36  3:10  Drone x2  
  36  3:11  Drone  
  41  3:14  Overlord  
  41  3:17  Queen  
  43  3:20  Drone  
  43  3:26  Overlord  
  45  3:34  Drone  
  45  3:35  Drone  
  46  3:41  Drone x2, Queen  
  46  3:43  Drone  
  46  3:48  Overlord  
  51  3:49  Queen  
  51  3:50  Zergling x4  
  51  3:54  Zergling x4  
  57  3:56  Drone x2  
  57  3:59  Queen  
  61  4:05  Overlord  
  61  4:08  Zergling x4  
  62  4:17  Drone  
  62  4:18  Drone x2  
  62  4:21  Overlord  
  65  4:24  Drone, Spore Crawler  
  65  4:26  Queen  
  65  4:28  Queen  
  65  4:30  Drone x2  
  65  4:31  Drone  
  72  4:35  Drone, Spore Crawler  
  72  4:41  Overlord  
  72  4:45  Drone x2  
  74  4:50  Drone x3  
  77  4:58  Overlord  
  77  4:59  Drone x4  
  81  5:03  Spore Crawler  
  81  5:05  Zergling x6  
  83  5:07  Lair  
  83  5:08  Drone x2  
  83  5:09  Baneling Nest  
  83  5:10  Overlord  
  79  5:17  Queen  
  79  5:19  Drone x4  
  79  5:20  Drone  
  85  5:27  Drone  
  86  5:30  Drone  
  86  5:32  Drone, Extractor  
  87  5:38  Drone x3  
  87  5:39  Hatchery, Extractor  
  87  5:40  Extractor x2  
  87  5:42  Drone x2, Extractor  
  87  5:45  Drone  
  87  5:49  Drone x3  
  91  5:51  Drone  
  91  5:54  Drone x2  
  91  5:55  Evolution Chamber  
  93  5:57  Evolution Chamber  
  93  6:01  Drone  
  93  6:04  Zergling x2  
  93  6:05  Overlord  
  93  6:06  Centrifugal Hooks  
  93  6:07  Zergling x2  
  93  6:08  Zergling x10  
  100  6:15  Zergling x2  
  100  6:16  Zergling x2  
  102  6:19  Overlord  
  102  6:20  Zergling x6  
  102  6:23  Zerg Ground Armor Level 1, Zerg Melee Weapons Level 1  
  105  6:28  Zergling x2  
  105  6:29  Zergling x2  
  105  6:30  Baneling x4  
  105  6:31  Zergling x2  
  106  6:34  Hydralisk Den  
  106  6:36  Zergling x10  
  106  6:39  Baneling x6  
  109  6:42  Zergling x8, Queen  
  109  6:45  Baneling x2  
  109  6:46  Baneling x2, Zergling x4  
  117  6:47  Zergling x2  
  117  6:51  Baneling x4  
  117  6:52  Overlord  
  117  6:54  Zergling x4  
  120  7:03  Zergling x14  
  120  7:06  Overlord  
  127  7:15  Hydralisk  
  116  7:18  Hydralisk  
  116  7:19  Zergling x8  
  116  7:21  Hydralisk  
  111  7:23  Extractor  
  111  7:25  Drone x4  
  111  7:26  Drone  
  111  7:29  Drone  
  113  7:31  Drone  
  113  7:32  Drone x2  
  113  7:33  Drone  
  116  7:42  Hydralisk x3  
  122  7:45  Drone x2  
  122  7:50  Drone x4  
  127  7:54  Hydralisk  
  129  7:59  Overlord  
  129  8:00  Drone x3  
  129  8:01  Drone x3  
  135  8:11  Overlord  
  135  8:13  Muscular Augments  
  135  8:14  Drone  
  136  8:22  Hydralisk x3  
  136  8:23  Zergling x4  
  136  8:24  Overlord  
  144  8:27  Zerg Melee Weapons Level 2, Zerg Ground Armor Level 2  
  144  8:29  Overlord  
  143  8:40  Overlord  
  142  8:44  Drone x4  
  142  8:45  Drone  
  147  8:48  Zergling x20  
  147  8:52  Overlord  
  147  8:53  Infestation Pit  
  155  8:56  Queen  
  155  8:59  Drone x3  
  158  9:03  Zergling x8  
  162  9:10  Baneling x8  
  162  9:12  Zergling x6  
  162  9:13  Zergling x2  
  166  9:17  Hydralisk, Hatchery  
  166  9:18  Zergling x6  
  166  9:20  Overlord  
  164  9:24  Grooved Spines  
  164  9:26  Zergling x2  
  164  9:27  Zergling x14  
  169  9:32  Baneling x6  
  169  9:33  Baneling x3  
  169  9:41  Zergling x12  
  169  9:44  Zergling x2  
  169  9:45  Zergling x2  
  165  9:55  Zergling x16  
  165  9:57  Zergling x2  
  174  10:02  Zergling x2  
  174  10:03  Baneling x14  
  174  10:04  Zergling x4  
  172  10:07  Hatchery  
  172  10:10  Zergling x8  
  172  10:12  Zergling x2  
  173  10:18  Zergling x10  
  173  10:20  Zergling x2  
  164  10:25  Hive, Zergling x2  
  164  10:28  Zergling x4  
  150  10:31  Zergling x2  
  150  10:34  Queen  
  142  10:40  Hydralisk  
  142  10:41  Zergling x6  
  137  10:46  Zergling x8  
  118  10:50  Zergling x4  
  118  10:54  Zergling x2  
  118  10:56  Hydralisk x2  
  118  10:57  Hydralisk x2, Zergling x4  
  119  11:00  Baneling x8  
  119  11:02  Zergling x6  
  131  11:05  Hydralisk  
  131  11:08  Zerg Missile Weapons Level 1, Zergling x2  
  134  11:12  Drone  
  134  11:16  Drone x4  
  134  11:17  Spore Crawler x2  
  134  11:18  Extractor x2  
  136  11:19  Zergling x4  
  136  11:23  Hatchery  
  136  11:24  Overlord  
  136  11:25  Zergling x6  
  139  11:27  Zergling x6  
  139  11:29  Zergling x6  
  139  11:31  Baneling x7  
  139  11:32  Zergling x6  
  145  11:34  Zergling x2  
  145  11:40  Viper x2  
  145  11:43  Drone  
  145  11:46  Hydralisk, Lurker Den  
  145  11:47  Zergling x8  
  157  11:54  Hydralisk  
  157  11:55  Zergling x18  
  166  12:03  Zergling x6  
  166  12:04  Zergling x2  
  160  12:12  Zergling x10  
  160  12:14  Baneling x10  
  166  12:16  Zergling x2  
  166  12:19  Zergling x2  
  166  12:21  Zergling x2  
  166  12:22  Zergling x4  
  170  12:23  Zergling x2  
  170  12:28  Overlord x2  
  162  12:31  Overlord  
  155  12:37  Baneling  
  155  12:38  Baneling x5, Overlord  
  155  12:40  Overlord  
  149  12:44  Zergling x4  
  149  12:45  Overlord  
  149  12:47  Baneling x3  
  149  12:48  Zergling x6  
  149  12:50  Lurker x3  
  157  12:52  Seismic Spines  
  157  12:53  Zergling x14  
  157  12:57  Zergling x2  
  158  13:08  Zergling x2  
  158  13:09  Zergling x6  
  155  13:15  Hydralisk x2  
  155  13:16  Hydralisk x2, Zergling x2  
  164  13:21  Overlord  
  164  13:22  Hatchery  
  164  13:23  Zergling x6  
  164  13:24  Hydralisk  
  166  13:33  Overlord  
  166  13:38  Queen  
  155  13:46  Lurker x3  
  155  13:47  Zergling x16  
  154  13:49  Lurker x3  
  154  13:50  Zergling x6  
  154  13:51  Zergling x2  
  154  13:55  Zergling x2  
  162  13:58  Zergling x10  
  162  13:59  Queen  
  162  14:02  Zergling x2  
  157  14:08  Zergling x4  
  157  14:09  Zergling x2  
  149  14:11  Zergling x2  
  137  14:19  Zergling x6  
  137  14:22  Hydralisk  
  121  14:24  Queen  
  121  14:29  Hydralisk x2, Zergling x2, Lurker x2  
  121  14:30  Lurker  
  121  14:31  Zergling x4  
  125  14:33  Zergling x2  
  129  14:40  Zergling x6  
  129  14:43  Zergling x2  
  129  14:44  Lurker x2  
Show
View Real Time Build Order
Export as new Build Order

Clem Terran - Winner!

Build Orders: Liberator Opening, Reaper Expand 

Get SALT Encoding   

  12  0:00  SCV  
  13  0:12  SCV  
  14  0:17  Supply Depot  
  14  0:24  SCV  
  15  0:38  SCV  
  15  0:40  Barracks  
  16  0:44  Refinery  
  16  0:50  SCV  
  17  1:03  SCV  
  18  1:15  SCV  
  19  1:27  Reaper, Orbital Command  
  20  1:39  Command Center  
  20  1:47  Supply Depot  
  20  1:53  SCV  
  21  1:59  Marine  
  22  2:05  SCV  
  23  2:11  Factory  
  23  2:13  Refinery  
  23  2:17  SCV  
  23  2:21  Barracks Reactor  
  24  2:29  SCV  
  25  2:41  SCV  
  26  2:50  Orbital Command  
  26  2:53  SCV  
  26  2:57  Starport  
  27  3:02  Hellion x2  
  32  3:05  SCV  
  32  3:13  Supply Depot, Barracks Tech Lab  
  32  3:17  SCV x2  
  34  3:23  Hellion x2  
  38  3:29  SCV x2  
  38  3:33  Liberator  
  43  3:41  Supply Depot, SCV  
  44  3:42  SCV  
  44  3:45  Hellion  
  44  3:46  Hellion  
  49  3:51  Stimpack  
  49  3:53  SCV  
  49  3:54  SCV  
  51  4:04  Supply Depot  
  51  4:05  SCV  
  51  4:06  SCV  
  53  4:14  Marine  
  53  4:15  Command Center  
  54  4:19  Barracks  
  54  4:21  Factory Tech Lab  
  54  4:22  SCV  
  54  4:24  SCV  
  56  4:29  Starport Reactor  
  56  4:31  Barracks  
  56  4:34  SCV, Marine  
  56  4:36  SCV  
  59  4:43  Siege Tank  
  59  4:45  Supply Depot  
  62  4:46  SCV  
  62  4:48  SCV  
  64  4:54  Engineering Bay x2  
  64  4:58  SCV  
  65  5:00  SCV  
  65  5:05  Marine  
  65  5:06  Supply Depot  
  67  5:10  SCV  
  67  5:12  SCV  
  69  5:15  Refinery  
  69  5:16  Starport Reactor  
  69  5:17  Refinery  
  69  5:18  Marine  
  69  5:19  Marine x3  
  73  5:24  Terran Infantry Weapons Level 1, Terran Infantry Armor Level 1  
  73  5:27  Supply Depot, SCV  
  74  5:29  Orbital Command  
  74  5:31  SCV  
  75  5:37  Combat Shield  
  75  5:39  Marine  
  75  5:40  Marine  
  75  5:42  Marine x2  
  78  5:44  Siege Tank  
  78  5:45  Marine  
  78  5:48  SCV x2  
  85  5:52  Orbital Command  
  85  5:54  Medivac  
  87  5:57  Marine  
  87  5:58  Marine  
  87  6:00  Supply Depot  
  87  6:02  Supply Depot, Medivac  
  87  6:03  SCV  
  92  6:04  SCV  
  92  6:08  Marine x2  
  92  6:10  Marine  
  96  6:15  SCV, Marine  
  96  6:17  SCV x2  
  100  6:18  Siege Tank  
  100  6:24  Supply Depot  
  103  6:26  Marine x2  
  103  6:27  Supply Depot  
  103  6:29  SCV  
  103  6:30  SCV  
  103  6:31  SCV  
  105  6:34  Marine  
  105  6:39  Armory  
  106  6:42  SCV  
  106  6:43  Barracks  
  106  6:44  Barracks  
  107  6:47  Marine  
  107  6:48  Marine  
  107  6:51  Marine  
  107  6:52  SCV x2  
  112  6:55  Marine  
  112  6:58  Medivac x2  
  112  6:59  SCV  
  118  7:06  Supply Depot, Siege Tank  
  118  7:07  Marine  
  118  7:08  Marine  
  123  7:10  SCV, Marine  
  123  7:18  Marine  
  123  7:19  SCV  
  123  7:20  Marine  
  123  7:22  SCV x2  
  120  7:25  Marine  
  120  7:26  Terran Infantry Weapons Level 2, Terran Infantry Armor Level 2, Refinery  
  120  7:27  Supply Depot  
  121  7:31  Supply Depot, SCV  
  121  7:34  Marine  
  121  7:35  Marine  
  121  7:36  Barracks Reactor  
  121  7:37  Barracks Reactor  
  121  7:40  Marine x2  
  121  7:41  SCV x2  
  125  7:47  Marine  
  125  7:48  Siege Tank  
  125  7:49  SCV  
  130  7:52  Marine  
  130  7:53  SCV, Refinery  
  130  7:56  Factory, Marine  
  133  8:00  SCV  
  134  8:06  Marine x3  
  134  8:10  Command Center, Marine  
  134  8:12  Supply Depot  
  138  8:13  Marine x3  
  138  8:14  Medivac x2, Marine  
  138  8:18  SCV x2  
  148  8:21  Marine  
  148  8:23  Marine  
  148  8:24  SCV  
  148  8:25  Supply Depot, Siege Tank  
  154  8:29  Marine x2  
  154  8:31  Terran Vehicle Weapons Level 1  
  154  8:32  Marine x2  
  158  8:38  Marine x3  
  159  8:43  Supply Depot x2, Marine x2  
  159  8:44  Medivac x2  
  159  8:47  Factory Tech Lab  
  165  8:50  Marine  
  166  8:57  Siege Tank  
  166  8:58  Marine x4  
  173  9:05  Marine x3  
  173  9:07  Siege Tank  
  179  9:17  Marine x2  
  179  9:18  Marine  
  179  9:19  Medivac  
  177  9:27  Marine  
  177  9:29  SCV  
  177  9:30  Siege Tank  
  174  9:32  Marine  
  175  9:39  SCV, Siege Tank, Marine x4  
  175  9:41  Barracks  
  175  9:42  Barracks x2  
  182  9:48  Marine  
  182  9:50  Marine x3  
  182  9:51  Marine  
  183  9:53  Planetary Fortress  
  183  9:57  SCV x3  
  186  10:01  Marine  
  186  10:02  Siege Tank, Marine  
  186  10:03  Marine x2  
  186  10:05  Medivac  
  192  10:09  Marine  
  192  10:11  Siege Tank  
  192  10:13  Marine x2  
  192  10:14  Marine x2  
  191  10:18  SCV x2  
  191  10:19  Marine x2  
  191  10:20  SCV  
  183  10:24  Marine  
  175  10:30  SCV x2  
  175  10:32  Barracks Tech Lab x2, Marine  
  175  10:33  Marine  
  175  10:34  Siege Tank, Marine x2  
  183  10:37  Terran Infantry Weapons Level 3  
  183  10:39  Marine x2  
  183  10:40  SCV  
  185  10:43  Siege Tank  
  185  10:45  Marine  
  172  10:51  Barracks Tech Lab  
  172  10:52  Marine x5  
  172  10:53  SCV, Marine x2  
  172  10:54  Marauder  
  177  10:57  SCV  
  177  10:59  Refinery  
  173  11:06  Siege Tank, Marine  
  173  11:07  Marine  
  173  11:08  Terran Infantry Armor Level 3  
  178  11:13  SCV  
  178  11:15  Siege Tank, Command Center  
  178  11:17  Refinery  
  182  11:23  Marauder  
  182  11:24  Marauder, Marine  
  187  11:27  Sensor Tower  
  187  11:31  Marine x3  
  189  11:34  Marine  
  189  11:35  Marauder, Marine  
  189  11:36  Marine  
  189  11:38  Siege Tank  
  197  11:43  Marine  
  197  11:45  Terran Vehicle Weapons Level 2  
  200  11:50  Ghost Academy  
  199  11:56  Missile Turret  
  199  11:59  Siege Tank  
  199  12:02  SCV  
  199  12:03  Barracks Tech Lab  
  199  12:04  Barracks Tech Lab  
  189  12:10  Siege Tank, Marine  
  189  12:11  Marauder, Marine  
  189  12:15  Marauder, Marine x3  
  196  12:21  Command Center  
  196  12:22  Liberator  
  199  12:25  Marauder  
  199  12:32  Marauder  
  199  12:35  Ghost  
  199  12:37  Marauder  
  197  12:41  Siege Tank  
  199  12:45  Siege Tank  
  200  13:05  Marauder  
  191  13:13  Planetary Fortress, Siege Tank  
  191  13:14  Command Center  
  191  13:17  Command Center  
  191  13:18  Sensor Tower  
  191  13:19  Command Center  
  194  13:20  Command Center  
  194  13:24  Missile Turret  
  194  13:25  Ghost  
  194  13:27  Siege Tank  
  194  13:33  Ghost  
  195  13:37  Ghost  
  195  13:41  Medivac, Marine x2  
  198  13:45  Siege Tank  
  197  13:59  Siege Tank  
  197  14:00  Missile Turret  
  187  14:03  Missile Turret, Sensor Tower  
  187  14:04  Marine  
  187  14:05  Marauder, Marine x4  
  187  14:06  Marine  
  187  14:07  Marine  
  187  14:08  Medivac  
  187  14:09  Marine x3  
  183  14:10  Marine  
  184  14:18  Siege Tank  
  184  14:23  Marine  
  166  14:31  Orbital Command  
  169  14:45  SCV  

Tags
 
Add a new tag
Caveats
  • Supply blocks, unpowered buildings, or Contaminate may cause inaccurate times.
  • Supply counts are checked every 10 seconds.